 Dungeon Crawl Stone Soup version 0.22.1-1-ga44c0e5 (webtiles) character file.

165 KyallowQueen the Cutter (level 5, -1/33 HPs)
             Began as a Kobold Berserker on Nov 1, 2018.
             Was a Believer of Trog.
             Slain by Sigmund
             ... wielding a +0 scythe
              (11 damage)
             ... on level 2 of the Dungeon.
             The game lasted 00:16:00 (1628 turns).

KyallowQueen the Cutter (Kobold Berserker)          Turns: 1628, Time: 00:16:01

Health: -1/33      AC:  2    Str: 15    XL:     5   Next: 75%
Magic:  5/5        EV: 15    Int:  9    God:    Trog [**....]
Gold:   123        SH:  4    Dex: 14    Spells: 4/4 levels left

rFire    . . .     SeeInvis .   a - +0 short sword
rCold    . . .     Gourm    .   (shield restricted)
rNeg     . . .     Faith    .   b - +0 animal skin
rPois    .         Spirit   .   (no helmet)
rElec    .         Reflect  .   (no cloak)
rCorr    .         Harm     .   (no gloves)
MR       .....                  (no boots)
Stlth    ++++......             (no amulet)
HPRegen  0.11/turn              e - ring of stealth
MPRegen  0.09/turn              (no ring)

@: about to teleport, flying
A: small, large bone plates 1, carnivore, evolution 1
a: Berserk, Trog's Hand, Renounce Religion


You were on level 2 of the Dungeon.
You worshipped Trog.
Trog was pleased with you.
You were completely stuffed.

You visited 1 branch of the dungeon, and saw 2 of its levels.

You collected 123 gold pieces.

Inventory:

Hand Weapons
 a - a +0 short sword (weapon)
 l - a +2 hand axe of freezing
Missiles
 d - 44 bolts (quivered)
 j - 29 arrows
Armour
 b - a +0 animal skin (worn)
Jewellery
 e - a ring of stealth (left hand)
Potions
 h - a potion of heal wounds
Comestibles
 c - 6 rations
 g - 8 chunks of flesh


   Skills:
 + Level 4.2 Fighting
 + Level 5.4 Short Blades
 - Level 1.5 Armour
 + Level 3.1 Dodging
 * Level 4.2 Stealth


You had 4 spell levels left.
You didn't know any spells.
Your spell library was empty.

Dungeon Overview and Level Annotations

Branches:
Dungeon (2/15)

Altars:

Annotations:
D:2 Sigmund


Innate Abilities, Weirdness & Mutations

You are small and have problems with some larger weapons.
You are carnivorous and can eat meat at any time.
You are partially covered in large bone plates. (SH +4)
You evolve.


Message History

You see here a yellow potion.
Autopickup is now on.
i - a yellow potion You hear some strange, mumbled words.
Deactivating autopickup; reactivate with Ctrl-A.
Something tries to affect you, but you resist.
Something hits you.
As you read the scroll labeled HUOTHALLUTU, it crumbles to dust.
You feel strangely unstable.
It was a scroll of teleportation.
Something hits you!
* * * LOW HITPOINT WARNING * * *
It was a potion of flight.
You feel very buoyant.
You fly up into the air.
Something barely misses you.
You barely miss something. You closely miss something.
You hear some strange, mumbled words.
Something tries to affect you, but you resist.
You miss something. Something hits you!
You die...

#.##.............#
#<........
.................#
#.........
#.###.........#..#
#......... #.
#.#######.#..#
#...)..... # #....#
#.....รท... .#
#.#.## #......... .#
#.#.# #......... ##
#.#{# #.........
#.#@#####.#.#######.
####.........#.# .
.....#.#######.# .
#.##............#
####........####...
###.............
#.####.####... #.#
#.# #.# #.#


There were no monsters in sight!

Vanquished Creatures
  A phantom (D:2)
  2 adders (D:2)
  An ooze (D:1)
  9 leopard geckos
  2 ball pythons (D:1)
  A bat (D:2)
  4 giant cockroaches (D:1)
  9 goblins
  A hobgoblin (D:1)
  5 kobolds
  9 rats
44 creatures vanquished.

Notes
Turn   | Place    | Note
-------+----------+-------------------------------------------
     0 | D:1      | KyallowQueen the Kobold Berserker began the quest for the
                  | Orb.
     0 | D:1      | Reached XP level 1. HP: 14/14 MP: 1/1
   233 | D:1      | Reached XP level 2. HP: 19/19 MP: 2/2
   296 | D:1      | Reached skill level 1 in Stealth
   509 | D:1      | Reached XP level 3. HP: 5/24 MP: 3/3
  1123 | D:2      | Noticed Sigmund
  1179 | D:2      | Noticed a phantom
  1199 | D:2      | Gained mutation: You evolve. [potion of mutation]
  1199 | D:2      | Gained mutation: You are partially covered in large bone
                  | plates. (SH +4) [potion of mutation]
  1214 | D:2      | Killed a phantom
  1214 | D:2      | Reached ** piety under Trog
  1214 | D:2      | Reached skill level 5 in Short Blades
  1214 | D:2      | Reached XP level 4. HP: 6/29 MP: 4/4
  1214 | D:2      | Reached XP level 5. HP: 7/33 MP: 5/5
  1628 | D:2      | Slain by Sigmund

Skill      XL: |  1  2  3  4  5 |
---------------+----------------+-----
Stealth        | 1 3 4 |  4.2
Fighting       | 4 |  4.2
Short Blades   | 5 |  5.4
Dodging        | 3 |  3.1
Armour         | |  1.5

Action                   |  1- 3 |  4- 6 || total
-------------------------+-------+-------++-------
Melee: Short sword       |   123 |    33 ||   156
Invok: Berserk           |     2 |       ||     2
  Use: Potion            |     4 |     1 ||     5
       Scroll            |     2 |     2 ||     4
 Stab: Sleeping          |     5 |     1 ||     6
       Invisible         |     3 |     1 ||     4
  Eat: Chunk             |     3 |     9 ||    12
Armor: Animal skin       |    14 |     2 ||    16
       Skin              |    15 |       ||    15
Dodge: Dodged            |    70 |    16 ||    86
Block: Other             |       |     4 ||     4
